 Dungeon Crawl Stone Soup version 0.31-a0-217-g58bb5d79cf (webtiles) character file.

Game seed: 10136306763770417422

51 qw the Shooter (level 3, 0/29 HPs)
             Began as a Minotaur Hexslinger on July 2, 2023.
             Succumbed to an adder's poison
             ... on level 3 of the Dungeon.
             The game lasted 00:00:25 (1433 turns).

qw the Shooter (Minotaur Hexslinger)                Turns: 1433, Time: 00:00:26

Health: 0/29       AC:  5    Str: 12    XL:     3   Next: 57%
Magic:  3/3        EV: 11    Int: 10    God:
Gold:   159        SH:  0    Dex: 14    Spells: 3/4 levels left

rFire   . . .        Y - +1 sling
rCold   . . .        (no shield)
rNeg    . . .        g - +0 ring mail
rPois   .            (helmet restricted)
rElec   .            (no cloak)
rCorr   .            (no gloves)
SInv    .            (no boots)
Will    .....        (no amulet)
Stlth   +            (no ring)
HPRegen 0.24/turn    (no ring)
MPRegen 0.08/turn

%: no passive effects
@: lethally poisoned (0 -> -6)
A: horns 2, retaliatory headbutt
a: no special abilities


You were on level 3 of the Dungeon.
You visited 1 branch of the dungeon, and saw 3 of its levels.

You collected 159 gold pieces.


Innate Abilities, Weirdness & Mutations

You have a pair of horns on your head.
You reflexively headbutt those who attack you in melee.


   Skills:
 - Level 2.0 Fighting
 - Level 4.1 Ranged Weapons
 + Level 0.0 Armour
 - Level 2.1 Dodging
 - Level 1.0 Spellcasting
 - Level 2.0 Hexes


You had 3 spell levels left.
You knew the following spells:

 Your Spells              Type           Power      Damage    Failure   Level
a - Slow                  Hex            16%        N/A       34%         1

Your spell library contained the following spells:

 Spells                   Type           Power      Damage    Failure   Level
 Inner Flame              Hex/Fire       2%         N/A       83%         3
 Portal Projectile        Hex/Tloc       4%         N/A       83%         3
 Cause Fear               Hex            2%         N/A       98%         4

Inventory:

Hand Weapons
 Y - a +1 sling (weapon)
Armour
 g - a +0 ring mail (worn)
Scrolls
 b - a scroll of identify
Potions
 c - a potion of heal wounds {unknown}
 e - a potion of berserk rage {unknown}
 f - 2 potions of might
 h - a potion of brilliance {unknown}
 i - a potion of enlightenment {unknown}

Dungeon Overview and Level Annotations

Branches:
Dungeon (3/15)

Altars:


Message History

The sling bullet closely misses the gnoll.
The gnoll hits you from afar with a +0 spear.
A gnoll comes into view. It is wielding a +0 whip.
The gnoll hits you but does no damage.
You shoot a sling bullet. The sling bullet hits the gnoll.
The gnoll is heavily wounded.
The gnoll barely misses you. The gnoll hits you but does no damage.
You shoot a sling bullet.
The sling bullet closely misses the gnoll.
The gnoll hits you from afar with a +0 spear.
The gnoll misses you. The gnoll barely misses you.
The gnoll hits you from afar with a +0 spear.
1426 ||| READING scroll of teleportation.
As you read the scroll of teleportation, it crumbles to dust.
You feel strangely unstable. The gnoll closely misses you.
The gnoll hits you from afar with a +0 spear.
You shoot a sling bullet. The sling bullet hits the gnoll.
The gnoll is severely wounded.
The gnoll completely misses you. The gnoll barely misses you.
You shoot a sling bullet. The sling bullet hits the gnoll.
You kill the gnoll!
The gnoll closely misses you.
Your Ranged Weapons skill increases to level 4!
You shoot a sling bullet. The sling bullet hits the gnoll.
The gnoll is moderately wounded.
Your surroundings suddenly seem different.
An adder comes into view.
You shoot a sling bullet.
The sling bullet closely misses the adder.
You shoot a sling bullet. The sling bullet misses the adder.
The adder bites you but does no damage.
You shoot a sling bullet. The sling bullet hits the adder.
The adder is lightly wounded.
The adder misses you. The adder bites you.
You are lethally poisoned!
The adder poisons you!
You shoot a sling bullet. The sling bullet hits the adder!
The adder is almost dead.
You die...

####### #.....#
#.....# #.....###
#....... #.....#
#..S@.# .........#
####################
#...............#
#.#############.#
#.#...........#.#
#.#.#########.#.#
#.#.#<......#.#.#
#.#.#######.#.#.#


You could see an adder.

Vanquished Creatures
  A gnoll (D:3)
  An adder (D:2)
  3 dart slugs
  A ball python (D:1)
  3 endoplasms
  A giant cockroach (D:1)
  6 hobgoblins
  A quokka (D:1)
  2 frilled lizards
  3 goblins
  A kobold (D:1)
  A rat (D:1)
24 creatures vanquished.

Notes
Turn   | Place    | Note
-------+----------+-------------------------------------------
     0 | D:1      | qw the Minotaur Hexslinger began the quest for the Orb.
     0 | D:1      | Reached XP level 1. HP: 16/16 MP: 1/1
     0 | D:1      | 0 ||| qw: Version: 0.3-a-40-ge99b1a8
     0 | D:1      | 0 ||| qw: Game counter: 185
     0 | D:1      | 0 ||| qw: Melee chars always use a shield: true
     0 | D:1      | 0 ||| qw: God list: Okawaru
     0 | D:1      | 0 ||| qw: Allow faded altars: false
     0 | D:1      | 0 ||| qw: Do Orc after clearing Dungeon:15 true
     0 | D:1      | 0 ||| qw: Do second Lair branch before Depths: true
     0 | D:1      | 0 ||| qw: Lair rune preference: random
     0 | D:1      | 0 ||| qw: Goals: Normal
     0 | D:1      | 0 ||| PLANNING D:1-11
   233 | D:1      | Reached skill level 3 in Ranged Weapons
   243 | D:1      | Reached XP level 2. HP: 23/23 MP: 2/2
   711 | D:1      | 711 ||| UPGRADING to +0 ring mail.
   721 | D:1      | 721 ||| DROPPING +0 robe.
   722 | D:1      | 722 ||| READING 2 scrolls labelled XIPSEA PUROEPP.
   725 | D:1      | 725 ||| READING scroll labelled LAEJAZO ZA KAEFO.
   726 | D:1      | 726 ||| READING scroll labelled JEEGEG SOIDUS.
   727 | D:1      | 727 ||| READING scroll labelled PILI CYARASIA.
   728 | D:1      | 728 ||| DROPPING scroll of poison.
  1016 | D:2      | Reached XP level 3. HP: 29/29 MP: 3/3
  1281 | D:2      | 1281 ||| READING 3 scrolls labelled QIULIC POR.
  1282 | D:2      | 1282 ||| READING scroll labelled EHUJADGH CEYRECY.
  1283 | D:2      | 1283 ||| DRINKING 3 ruby potions.
  1284 | D:2      | 1284 ||| READING 2 scrolls of identify.
  1284 | D:2      | 1284 ||| IDENTIFYING fuming coppery potion
  1285 | D:2      | 1285 ||| DROPPING potion of attraction.
  1425 | D:3      | HP: 4/29 [gnoll/+0 spear (6)]
  1426 | D:3      | 1426 ||| READING scroll of teleportation.
  1429 | D:3      | Reached skill level 4 in Ranged Weapons
  1432 | D:3      | HP: 2/29 [adder (3)]
  1433 | D:3      | Succumbed to an adder's poison

Levels and vault maps discovered:
D:1:      amcnicky_arrival_underground_garden, layout_loops_cross,
          serial_forest, infiniplex_forest_lined_room_,
          infiniplex_forest_clump_diagonal, infiniplex_forest_clump_double,
          infiniplex_forest_lined_corner, infiniplex_forest_3_way,
          infiniplex_forest_end_3, infiniplex_forest_clump_double,
          chequers_jeans
D:2:      layout_loops_cross
D:3:      layout_basic, serial_shops, nicolae_diamond_shop

Skill      XL: |  1  2  3 |
---------------+----------+-----
Ranged Weapons | 3 4 |  4.1
Fighting       | 2 |  2.0
Dodging        | |  2.1
Spellcasting   | |  1.0
Hexes          | |  2.0

Action                     || total
---------------------------++-------
   Fire: Sling             ||    79
    Use: Scroll            ||     8
         Potion            ||     1
 Armour: Ring mail         ||     6
         Robe              ||     1
  Dodge: Dodged            ||    31

Table legend:
 A = Non-vault XP
 B = Vault XP
 C = Vault XP percentage of total XP
 D = Non-vault monster count
 E = Vault monster count
 F = Vault count percentage of total count
                 A         B        C        D         E       F
            +---------+---------+-------+---------+---------+-------
      Total |      73 |       0 |   0.0 |      24 |       0 |   0.0
            +---------+---------+-------+---------+---------+-------
        D:1 |      30 |       0 |   0.0 |      15 |       0 |   0.0
        D:2 |      27 |       0 |   0.0 |       7 |       0 |   0.0
        D:3 |      16 |       0 |   0.0 |       2 |       0 |   0.0
            +---------+---------+-------+---------+---------+-------
